 Dungeon Crawl Stone Soup version 0.26-a0-610-g3e9335bbc7 (webtiles) character file.

Game seed: 14428678147882682086

9971 Gargoyl the Fighter (level 11, -4/97 HPs)
             Began as a Gnoll Abyssal Knight on Sept 4, 2020.
             Was a Priest of Lugonu.
             Slain by an 11-headed hydra (7 damage)
             ... on level 1 of the Lair of Beasts.
             The game lasted 00:15:31 (10254 turns).

Gargoyl the Fighter (Gnoll Abyssal Knight)         Turns: 10254, Time: 00:15:31

Health: -4/97      AC: 17    Str: 17    XL:     11   Next: 54%
Magic:  3/20       EV:  9    Int: 10    God:    Lugonu [***...]
Gold:   581        SH:  0    Dex: 16    Spells: 22/22 levels left

rFire    + . .     SeeInvis .   i - +3 dagger (drain)
rCold    + . .     Faith    .   (no shield)
rNeg     . . .     Spirit   .   c - +1 plate armour
rPois    .         Reflect  .   y - +2 helmet
rElec    .         Harm     .   k - scarf {rC+ rF+}
rCorr    .                      (no gloves)
MR       +....                  (no boots)
Stlth    ..........             B - amulet of regeneration
HPRegen  0.66/turn              f - ring of flight
MPRegen  0.17/turn              E - -4 ring of intelligence (curse)

@: no status effects
A: distributed training, fangs 1, magic resistance 1, robust 1, strong nose
a: Depart the Abyss, Bend Space, Banish, Renounce Religion, Evoke Flight


You were on level 1 of the Lair of Beasts.
You worshipped Lugonu.
Lugonu was most pleased with you.
You visited 2 branches of the dungeon, and saw 10 of its levels.
You visited the Abyss 1 time.

You collected 581 gold pieces.

Inventory:

Hand Weapons
 a - a +1 vorpal hand axe
 i - a +3 dagger of draining (weapon)
 C - a +2 vorpal long sword
Missiles
 n - 7 boomerangs (quivered)
 r - 8 silver boomerangs
Armour
 c - a +1 plate armour (worn)
 k - a scarf of resistance (worn)
 y - a +2 helmet (worn)
Jewellery
 f - a ring of flight (left hand)
 B - an amulet of regeneration (around neck)
 E - a cursed -4 ring of intelligence (right hand)
 I - an uncursed amulet of guardian spirit {unknown}
Wands
 q - a wand of polymorph (14)
 x - a wand of random effects (21)
 z - a wand of flame (35)
 G - a wand of iceblast (4)
 H - a wand of disintegration (30)
 J - a wand of acid (3)
Scrolls
 b - 4 scrolls of teleportation
 o - 7 scrolls of remove curse
 p - 3 scrolls of fear
 s - 5 scrolls of blinking
 v - 3 scrolls of enchant armour
 D - a scroll of identify
 F - 2 scrolls of summoning
 K - a scroll of magic mapping
Potions
 d - 8 potions of curing
 e - 3 potions of resistance
 g - 2 potions of stabbing
 h - 5 potions of flight
 j - 2 potions of ambrosia
 l - 2 potions of brilliance
 m - 2 potions of degeneration
 t - 2 potions of lignification {unknown}
 u - 2 potions of invisibility {unknown}
 w - 6 potions of haste
 A - 3 potions of heal wounds {unknown}


   Skills:
 + Level 9.2 Fighting
 + Level 6.4 Short Blades
 + Level 6.4 Long Blades
 + Level 8.0 Axes
 + Level 6.4 Maces & Flails
 + Level 6.4 Polearms
 + Level 6.4 Staves
 + Level 6.4 Slings
 + Level 6.4 Bows
 + Level 6.4 Crossbows
 + Level 6.4 Throwing
 + Level 8.0 Armour
 + Level 7.0 Dodging
 + Level 6.4 Stealth
 + Level 6.4 Shields
 + Level 6.4 Unarmed Combat
 + Level 6.4 Spellcasting
 + Level 5.3 Conjurations
 + Level 5.3 Hexes
 + Level 5.3 Summonings
 + Level 5.3 Necromancy
 + Level 5.3 Translocations
 + Level 5.3 Transmutations
 + Level 5.3 Fire Magic
 + Level 5.3 Ice Magic
 + Level 5.3 Air Magic
 + Level 5.3 Earth Magic
 + Level 5.3 Poison Magic
 + Level 8.5 Invocations
 + Level 6.4 Evocations


You had 22 spell levels left.
You didn't know any spells.
Your spell library contained the following spells:

 Spells                   Type           Power        Failure   Level
 Corona                   Hex            ##.....      56%         1
 Foxfire                  Conj/Fire      ##..         56%         1
 Sandblast                Erth           ##....       56%         1
 Ensorcelled Hibernation  Hex/Ice        ##....       71%         2
 Passwall                 Tmut/Erth      ##......     71%         2
 Confusing Touch          Hex            ##......     91%         3
 Conjure Flame            Conj/Fire      ##......     91%         3
 Dazzling Flash           Conj/Hex       ##....       91%         3
 Inner Flame              Hex/Fire       ##......     91%         3
 Stone Arrow              Conj/Erth      ##....       91%         3
 Tukima's Dance           Hex            ##......     91%         3
 Petrify                  Tmut/Erth      ##......     100%        4
 Sticky Flame             Conj/Fire      ##......     100%        4
 Fireball                 Conj/Fire      ##........   100%        5
 Lee's Rapid Deconstruct  Erth           ##........   100%        5


Dungeon Overview and Level Annotations

Branches:
Dungeon (9/15)             Temple (0/1) D:5            Lair (1/6) D:8
    Orc: D:9-12

Altars:
Ashenzari
Elyvilon
Fedhas
Makhleb
Nemelex Xobeh
Okawaru
Trog
Vehumet
Xom
The Shining One

Annotations:
Lair:1 Oxapyi's ghost, journeyman TrFi


Innate Abilities, Weirdness & Mutations

Your experience applies equally to all skills.
You have very sharp teeth.
Your uncanny sense of smell can sniff out nearby items.
You are resistant to hostile enchantments. (MR+)
You are robust. (+10% HP)


Message History

The 11-headed hydra bites you but does no damage.
The 11-headed hydra bites you.
* * * LOW HITPOINT WARNING * * *
The 11-headed hydra completely misses you.
The 11-headed hydra bites you but does no damage.
The 11-headed hydra bites you.
* * * LOW HITPOINT WARNING * * *
Unknown command.
Press: ? - help, Shift-Dir - straight line, f/p - 11-headed hydra
Aim: an 11-headed hydra (chance to defeat MR: 56%)
The 11-headed hydra resists with significant effort.
The 11-headed hydra bites you but does no damage.
The 11-headed hydra bites you!
* * * LOW HITPOINT WARNING * * *
The 11-headed hydra bites you but does no damage. x3
The 11-headed hydra bites you!
* * * LOW HITPOINT WARNING * * *
The 11-headed hydra bites you but does no damage. x3
The 11-headed hydra bites you!
You die...

#..........###....⌠....#
#..........####........#
##.........#.#..⌠...⌠.#.
#..........##.#.......##
#######..........##.....⌠.....
#..##.........####............
#.............###....#§#.###..
###..............###...#W§.P###.
##..............@D...⌠.##....P###
#................W.......##...#
#......P..........###.##.#.#..#
###...#..........##...........##
##..##.......#.....##..#P...#.#
#.................##.#.....P###
#........#........##........#
###..................##'''###
##...........#.....##.....##


You could see a 11-headed hydra and Oxapyi's ghost.

Vanquished Creatures
  A hydra (Lair:1)
  A two-headed ogre (D:8)
  The ghost of rasy the Bludgeoner, a novice MiFi of Okawaru (D:8)
  Pikel (D:5)
  A cane toad (Lair:1)
  A rime drake (Lair:1)
  Sigmund (D:5)
  5 yaks (Lair:1)
  6 water moccasins
  A porcupine (Lair:1)
  A necrophage (D:6)
  4 ice beasts
  A black bear (D:8)
  A phantom (D:5)
  4 ogres
  A centaur (D:6)
  2 crocodiles (Lair:1)
  Blork the orc (D:5)
  A big kobold (D:7)
  2 bullfrogs
  A water moccasin skeleton (D:4)
  A bullfrog zombie (D:5)
  2 orc priests
  A centaur zombie (D:5)
  A bullfrog skeleton (D:8)
  A hound (D:4)
  A jelly (D:7)
  7 orc wizards
  A centaur skeleton (D:6)
  4 iguanas
  13 worker ants
  A hound zombie (D:5)
  A hound skeleton (D:6)
  A howler monkey zombie (D:6)
  Robin (D:4)
  5 gnolls
  A howler monkey skeleton (D:4)
  10 adders
  2 shadow imps
  5 white imps (D:8)
  A worker ant simulacrum (D:8)
  An ufetubus (D:5)
  An ooze (D:3)
  3 adder zombies
  3 adder skeletons
  6 worms
  4 dart slugs
  4 leopard geckos
  30 orcs
  12 bats
  7 giant cockroaches
  16 goblins
  11 hobgoblins
  5 jackals
  3 quokkas
  3 ball pythons
  2 frilled lizards
  A giant cockroach zombie (D:5)
  14 kobolds
  A quokka skeleton (D:7)
  4 rats
229 creatures vanquished.

Vanquished Creatures (collateral kills)
  A centaur (D:6)
1 creature vanquished.

Vanquished Creatures (others)
  6 plants
6 creatures vanquished.

Grand Total: 236 creatures vanquished

Notes
Turn   | Place    | Note
-------+----------+-------------------------------------------
     0 | Abyss:1  | Gargoyl the Gnoll Abyssal Knight began the quest for the
                  | Orb.
     0 | Abyss:1  | Reached XP level 1. HP: 23/23 MP: 3/3
    84 | Abyss:1  | Noticed a raiju
    84 | Abyss:1  | Noticed a raiju
   110 | D:1      | Escaped the Abyss
   396 | D:1      | Reached XP level 2. HP: 29/29 MP: 5/5
   440 | D:1      | Reached * piety under Lugonu
   588 | D:1      | Reached XP level 3. HP: 30/35 MP: 6/6
  1378 | D:2      | Found a faded altar of an unknown god.
  1616 | D:2      | Reached skill level 1 in Short Blades
  1616 | D:2      | Reached skill level 1 in Long Blades
  1616 | D:2      | Reached skill level 1 in Maces & Flails
  1616 | D:2      | Reached skill level 1 in Polearms
  1616 | D:2      | Reached skill level 1 in Staves
  1616 | D:2      | Reached skill level 1 in Slings
  1616 | D:2      | Reached skill level 1 in Bows
  1616 | D:2      | Reached skill level 1 in Crossbows
  1616 | D:2      | Reached skill level 1 in Throwing
  1616 | D:2      | Reached skill level 1 in Stealth
  1616 | D:2      | Reached skill level 1 in Shields
  1616 | D:2      | Reached skill level 1 in Unarmed Combat
  1616 | D:2      | Reached skill level 1 in Spellcasting
  1616 | D:2      | Reached skill level 1 in Evocations
  1616 | D:2      | Reached XP level 4. HP: 36/41 MP: 7/7
  1785 | D:2      | Reached skill level 1 in Conjurations
  1785 | D:2      | Reached skill level 1 in Hexes
  1785 | D:2      | Reached skill level 1 in Summonings
  1785 | D:2      | Reached skill level 1 in Necromancy
  1785 | D:2      | Reached skill level 1 in Translocations
  1785 | D:2      | Reached skill level 1 in Transmutations
  1785 | D:2      | Reached skill level 1 in Fire Magic
  1785 | D:2      | Reached skill level 1 in Ice Magic
  1785 | D:2      | Reached skill level 1 in Air Magic
  1785 | D:2      | Reached skill level 1 in Earth Magic
  1785 | D:2      | Reached skill level 1 in Poison Magic
  1789 | D:2      | Reached XP level 5. HP: 39/47 MP: 8/8
  2149 | D:3      | Found a shimmering altar of Xom.
  2151 | D:3      | Found a shimmering altar of Xom.
  2156 | D:3      | Found a shimmering altar of Xom.
  2187 | D:3      | Reached ** piety under Lugonu
  2363 | D:3      | Found a shimmering altar of Xom.
  2363 | D:3      | Found a shimmering altar of Xom.
  2586 | D:3      | Found a shimmering altar of Xom.
  2586 | D:3      | Found a shimmering altar of Xom.
  2617 | D:3      | Found a blossoming altar of Fedhas.
  2648 | D:3      | Reached skill level 5 in Invocations
  2648 | D:3      | Reached XP level 6. HP: 52/53 MP: 9/9
  2796 | D:3      | Found an iron altar of Okawaru.
  2806 | D:3      | Found a glowing golden altar of the Shining One.
  2807 | D:3      | Found a white marble altar of Elyvilon.
  2977 | D:4      | Reached skill level 5 in Axes
  2977 | D:4      | Reached skill level 5 in Armour
  3147 | D:4      | Reached XP level 7. HP: 41/59 MP: 10/10
  3168 | D:4      | Reached skill level 7 in Fighting
  3507 | D:4      | Found a shattered altar of Ashenzari.
  3688 | D:4      | Reached *** piety under Lugonu
  3981 | D:4      | Noticed Robin
  3989 | D:4      | Killed Robin
  4337 | D:5      | Entered Level 5 of the Dungeon
  4413 | D:5      | Found a staircase to the Ecumenical Temple.
  4444 | D:5      | Reached XP level 8. HP: 63/67 MP: 12/12
  4462 | D:5      | Got a dazzling mace
  4463 | D:5      | Identified the cursed +0 mace "Bohigas" {venom, rC+ SInv}
                  | (You found it on level 5 of the Dungeon)
  4529 | D:5      | Noticed Blork the orc
  4578 | D:5      | Killed Blork the orc
  4841 | D:5      | Noticed Pikel
  4873 | D:5      | Killed Pikel
  5012 | D:5      | Reached XP level 9. HP: 64/72 MP: 14/14
  5108 | D:5      | Reached **** piety under Lugonu
  5171 | D:5      | Noticed Sigmund
  5231 | D:5      | Killed Sigmund
  5999 | D:6      | Found a radiant altar of Vehumet.
  6040 | D:6      | Found a burning altar of Makhleb.
  6374 | D:6      | Found a sparkling altar of Nemelex Xobeh.
  6568 | D:7      | Reached skill level 5 in Dodging
  7134 | D:7      | Reached skill level 8 in Fighting
  7581 | D:8      | Noticed a two-headed ogre
  7625 | D:7      | Banished a two-headed ogre
  7625 | D:7      | Reached XP level 10. HP: 13/80 MP: 11/17
  7863 | D:8      | Found a runed translucent gate.
  7905 | D:8      | Found a runed translucent gate.
  7916 | D:8      | Found a runed translucent gate.
  7966 | D:8      | Noticed rasy's ghost (novice MiFi)
  7995 | D:8      | Gained mutation: You are resistant to hostile enchantments.
                  | (MR+) [potion of mutation]
  7995 | D:8      | Gained mutation: You are robust. (+10% HP) [potion of
                  | mutation]
  8001 | D:8      | Killed rasy's ghost
  8001 | D:8      | Reached skill level 5 in Short Blades
  8001 | D:8      | Reached skill level 5 in Long Blades
  8001 | D:8      | Reached skill level 5 in Maces & Flails
  8001 | D:8      | Reached skill level 5 in Polearms
  8001 | D:8      | Reached skill level 5 in Staves
  8001 | D:8      | Reached skill level 5 in Slings
  8001 | D:8      | Reached skill level 5 in Bows
  8001 | D:8      | Reached skill level 5 in Crossbows
  8001 | D:8      | Reached skill level 5 in Throwing
  8001 | D:8      | Reached skill level 5 in Stealth
  8001 | D:8      | Reached skill level 5 in Shields
  8001 | D:8      | Reached skill level 5 in Unarmed Combat
  8001 | D:8      | Reached skill level 5 in Spellcasting
  8001 | D:8      | Reached skill level 5 in Evocations
  8170 | D:8      | Noticed a two-headed ogre
  8192 | D:8      | Killed a two-headed ogre
  8471 | D:8      | Got the ring of Fiedump {Fire}
  8482 | D:8      | Identified the ring of Fiedump {Fire +Inv Int+2} (You found
                  | it on level 8 of the Dungeon)
  8618 | D:8      | Found a bloodstained altar of Trog.
  8635 | D:8      | Found a staircase to the Lair.
  8759 | Lair:1   | Entered Level 1 of the Lair of Beasts
  9074 | Lair:1   | Noticed an eight-headed hydra
  9085 | Lair:1   | Banished an eight-headed hydra
  9338 | Lair:1   | Reached XP level 11. HP: 81/95 MP: 19/19
  9425 | Lair:1   | Reached skill level 9 in Fighting
  9488 | Lair:1   | Reached skill level 5 in Conjurations
  9488 | Lair:1   | Reached skill level 5 in Hexes
  9488 | Lair:1   | Reached skill level 5 in Summonings
  9488 | Lair:1   | Reached skill level 5 in Necromancy
  9488 | Lair:1   | Reached skill level 5 in Translocations
  9488 | Lair:1   | Reached skill level 5 in Transmutations
  9488 | Lair:1   | Reached skill level 5 in Fire Magic
  9488 | Lair:1   | Reached skill level 5 in Ice Magic
  9488 | Lair:1   | Reached skill level 5 in Air Magic
  9488 | Lair:1   | Reached skill level 5 in Earth Magic
  9488 | Lair:1   | Reached skill level 5 in Poison Magic
  9703 | Lair:1   | Noticed a four-headed hydra
  9704 | Lair:1   | Noticed a four-headed hydra
  9709 | Lair:1   | Banished a four-headed hydra
  9724 | Lair:1   | Killed a four-headed hydra
  9950 | Lair:1   | Found a runed translucent gate.
  9951 | Lair:1   | Found a runed translucent gate.
  9952 | Lair:1   | Found a runed translucent gate.
  9953 | Lair:1   | Noticed a nine-headed hydra
  9954 | Lair:1   | Noticed Oxapyi's ghost (journeyman TrFi)
  9954 | Lair:1   | Noticed an 11-headed hydra
 10243 | Lair:1   | Banished a nine-headed hydra
 10254 | Lair:1   | HP: 3/97 [11-headed hydra (7)]
 10254 | Lair:1   | Slain by an 11-headed hydra

Illustrated notes

Levels and vault maps discovered:
D:1:      dpeg_arrival_connections, layout_loops_ring, st_stairs_7
D:2:      layout_loops_ring, chequers_ecumenical_altar_simple_redux
D:3:      layout_rooms, gammafunk_temple_overflow_forgotten, xom_redecorated,
          fedhas_ov_isle_minmay, amethyst_killhole
D:4:      layout_basic, ashenzari_conservatory_becter, minmay_joined_circles,
          uniq_robin
D:5:      minmay_skewed_foursquare, layout_basic, minmay_temple_entry_hall,
          uniq_pikel, uniq_sigmund, uniq_blork_the_orc
D:6:      layout_basic, lemuel_round_altar, basic_altar,
          makhleb_blood_cavern_becter
D:7:      layout_loops_corners, roderic_lattice_a
D:8:      layout_rooms, kennysheep_mini_moat, lair_entry_dummy,
          gammafunk_ghost_icy, minmay_bent
D:9:      layout_basic, gammafunk_temple_overflow_statue, kennysheep_mini,
          david_orc_3
Lair:1:   layout_cave_shapes, gammafunk_ghost_hydra_chop, grunt_megastairs_4,
          infiniplex_staircase_pool_2

Skill      XL: |  1  2  3  4  5  6  7  8  9 10 11 |
---------------+----------------------------------+-----
Short Blades   | 1 2 3 4 5 6 |  6.4
Long Blades    | 1 2 3 4 5 6 |  6.4
Maces & Flails | 1 2 3 4 5 6 |  6.4
Polearms       | 1 2 3 4 5 6 |  6.4
Staves         | 1 2 3 4 5 6 |  6.4
Slings         | 1 2 3 4 5 6 |  6.4
Bows           | 1 2 3 4 5 6 |  6.4
Crossbows      | 1 2 3 4 5 6 |  6.4
Throwing       | 1 2 3 4 5 6 |  6.4
Stealth        | 1 2 3 4 5 6 |  6.4
Shields        | 1 2 3 4 5 6 |  6.4
Unarmed Combat | 1 2 3 4 5 6 |  6.4
Spellcasting   | 1 2 3 4 5 6 |  6.4
Evocations     | 1 2 3 4 5 6 |  6.4
Conjurations   | 1 2 3 4 5 |  5.3
Hexes          | 1 2 3 4 5 |  5.3
Summonings     | 1 2 3 4 5 |  5.3
Necromancy     | 1 2 3 4 5 |  5.3
Translocations | 1 2 3 4 5 |  5.3
Transmutations | 1 2 3 4 5 |  5.3
Fire Magic     | 1 2 3 4 5 |  5.3
Ice Magic      | 1 2 3 4 5 |  5.3
Air Magic      | 1 2 3 4 5 |  5.3
Earth Magic    | 1 2 3 4 5 |  5.3
Poison Magic   | 1 2 3 4 5 |  5.3
Dodging        | 3 4 5 6 7 |  7.0
Invocations    | 5 6 7 8 |  8.5
Axes           | 5 6 7 8 |  8.0
Armour         | 5 6 7 8 |  8.0
Fighting       | 7 8 9 |  9.2

Action                   |  1- 3 |  4- 6 |  7- 9 | 10-12 || total
-------------------------+-------+-------+-------+-------++-------
Melee: Hand axe          |    66 |       |       |       ||    66
       Bite              |     7 |    33 |    76 |    61 ||   177
       Dagger            |    36 |   169 |   584 |   385 ||  1174
       Punch             |       |     2 |     7 |    17 ||    26
Throw: Boomerang         |       |       |     7 |       ||     7
Invok: Depart the Abyss  |     1 |       |       |       ||     1
       Banish            |       |       |     1 |    13 ||    14
  Use: Scroll            |     7 |     4 |    10 |     3 ||    24
       Potion            |       |     1 |       |     5 ||     6
Armor: Plate armour      |    97 |   135 |   383 |   224 ||   839
Dodge: Dodged            |    46 |    50 |   191 |   132 ||   419

Table legend: (Time is in decaauts)
 A = Elapsed time spent in this place.
 B = Non-inter-level travel time spent in this place.
 C = Inter-level travel time spent in this place.
 D = Time resting spent in this place.
 E = Time spent auto-exploring this place.
 F = Levels seen in this place.
 G = Mean time per level.
                   A        B        C        D        E       F      G
               +--------+--------+--------+--------+--------+-----+--------+
         Total |  10055 |   9736 |    319 |   1629 |   5671 |  11 |  914.1 |
       Dungeon |   8508 |   8190 |    318 |   1235 |   4852 |   9 |  945.3 |
          Lair |   1437 |   1437 |      0 |    394 |    768 |   1 | 1437.0 |
         Abyss |    110 |    110 |      0 |      0 |     50 |   1 |  110.0 |
               +--------+--------+--------+--------+--------+-----+--------+

Top non-repeatable levels by time:
  Lair:1: 1437 daAuts
     D:4: 1340 daAuts
     D:5: 1290 daAuts
     D:1: 1214 daAuts
     D:7: 1097 daAuts
     D:8: 1045 daAuts
     D:6: 861 daAuts
     D:2: 824 daAuts
     D:3: 823 daAuts
 Abyss:1: 110 daAuts
     D:9: 10 daAuts
